TOP OF THE 1ST |
San Diego Smashers batting - Pitching for Red Deer Wranglers : RHP Alonso Costello
|
Pitching: RHP Alonso Costello
|
|
Batting: LHB Mario Olivares
|
0-0: Ball 1-0: Ground out 6-3 (Groundball, 6)
|
Batting: LHB Pedro Cruz
|
0-0: Ball 1-0: Ball 2-0: Ball 3-0: Called Strike 3-1: Swinging Strike 3-2: Foul Ball, location: 2F 3-2: Base on Balls
|
Batting: RHB Francisco Castillo
|
0-0: Ball 1-0: Called Strike 1-1: Swinging Strike 1-2: Foul Ball, location: 2F 1-2: Strikes out swinging
|
Batting: SHB Yoshitoki Kouda
|
0-0: Fly out, F6 (Popup, 56D)
|
Top of the 1st over - 0 run(s), 0 hit(s), 0 error(s), 1 left on base; San Diego 0 - Red Deer 0 |
BOTTOM OF THE 1ST |
Red Deer Wranglers batting - Pitching for San Diego Smashers : RHP David West
|
Pitching: RHP David West
|
|
Batting: LHB Enrico Vargas
|
0-0: Called Strike 0-1: Foul Ball, location: 2F 0-2: Strikes out swinging
|
Batting: RHB Carlos Peña
|
0-0: Fly out, F9 (Flyball, 9M)
|
Batting: RHB Oliver Harris
|
0-0: Called Strike 0-1: Ball 1-1: Swinging Strike 1-2: Foul Ball, location: 2F 1-2: Foul Ball, location: 2F 1-2: Strikes out swinging
|
Bottom of the 1st over - 0 run(s), 0 hit(s), 0 error(s), 0 left on base; San Diego 0 - Red Deer 0 |
TOP OF THE 2ND |
San Diego Smashers batting - Pitching for Red Deer Wranglers : RHP Alonso Costello
|
Batting: LHB Bob Cunningham
|
0-0: Ball 1-0: Ball 2-0: Ball 3-0: Called Strike 3-1: Called Strike 3-2: Base on Balls
|
Batting: RHB Cisco Gatán
|
0-0: Ball 1-0: DOUBLE (Flyball, 7M) Bob Cunningham to third
|
Batting: SHB José González
|
0-0: Ball 1-0: Ball 2-0: Ball 3-0: Called Strike 3-1: Base on Balls
|
Batting: LHB Noriaki Sangi
|
0-0: Foul Ball, location: 2F 0-1: Called Strike 0-2: Ball 1-2: Ball 2-2: Strikes out swinging
|
Batting: RHB Justin Burgess
|
0-0: Ball 1-0: Ground out 3-1 (Groundball, 34S) Bob Cunningham scores Cisco Gatán to third José González to second
|
Batting: LHB Mario Olivares
|
0-0: Ball 1-0: Ball 2-0: Ball 3-0: Base on Balls
|
Batting: LHB Pedro Cruz
|
0-0: Ball 1-0: Foul Ball, location: 2F 1-1: Ball 2-1: Ball 3-1: Fly out, F7 (Flyball, 78M)
|
Top of the 2nd over - 1 run(s), 1 hit(s), 0 error(s), 3 left on base; San Diego 1 - Red Deer 0 |
BOTTOM OF THE 2ND |
Red Deer Wranglers batting - Pitching for San Diego Smashers : RHP David West
|
Batting: RHB Orlando Núñes
|
0-0: Swinging Strike 0-1: Called Strike 0-2: Strikes out swinging
|
Batting: SHB José López
|
0-0: Ball 1-0: Ball 2-0: Foul Ball, location: 2F 2-1: Fly out, F9 (Flyball, 9LM)
|
Batting: LHB Del Kennedy
|
0-0: Ball 1-0: Called Strike 1-1: Ball 2-1: Ground out U3 (Groundball, 3)
|
Bottom of the 2nd over - 0 run(s), 0 hit(s), 0 error(s), 0 left on base; San Diego 1 - Red Deer 0 |
TOP OF THE 3RD |
San Diego Smashers batting - Pitching for Red Deer Wranglers : RHP Alonso Costello
|
Batting: RHB Francisco Castillo
|
0-0: Ground out 5-3 (Groundball, 5)
|
Batting: SHB Yoshitoki Kouda
|
0-0: Ball 1-0: Fly out, F7 (Flyball, 78D)
|
Batting: LHB Bob Cunningham
|
0-0: Ball 1-0: Ball 2-0: Called Strike 2-1: Ball 3-1: Foul Ball, location: 2F 3-2: Foul Ball, location: 2F 3-2: Base on Balls
|
Batting: RHB Cisco Gatán
|
0-0: Called Strike 0-1: Called Strike 0-2: Ball Bob Cunningham steals 2nd base 1-2: Ball 2-2: Strikes out swinging
|
Top of the 3rd over - 0 run(s), 0 hit(s), 0 error(s), 1 left on base; San Diego 1 - Red Deer 0 |
BOTTOM OF THE 3RD |
Red Deer Wranglers batting - Pitching for San Diego Smashers : RHP David West
|
Batting: LHB Jorge Olvera
|
0-0: Ball 1-0: Ball 2-0: Ball 3-0: Base on Balls
|
Batting: LHB Ron Mayes
|
0-0: Ball 1-0: Ball 2-0: Ball 3-0: Swinging Strike 3-1: Called Strike 3-2: Strikes out looking
|
Batting: RHB John McDonald
|
0-0: Ball 1-0: Foul Ball, location: 2F 1-1: Called Strike 1-2: Grounds into double play, 4-6-3 (Groundball, 34)
|
Bottom of the 3rd over - 0 run(s), 0 hit(s), 0 error(s), 0 left on base; San Diego 1 - Red Deer 0 |
TOP OF THE 4TH |
San Diego Smashers batting - Pitching for Red Deer Wranglers : RHP Alonso Costello
|
Batting: SHB José González
|
0-0: SINGLE (Line Drive, 8RS)
|
Batting: LHB Noriaki Sangi
|
0-0: Fly out, F3 (Popup, 34S)
|
Batting: RHB Justin Burgess
|
0-0: SINGLE (Groundball, 4MD) José González to second
|
Batting: LHB Mario Olivares
|
0-0: Called Strike 0-1: Ball 1-1: Ball 2-1: 3-RUN HOME RUN (Flyball, 8RXD), Distance : 395 ft
|
Batting: LHB Pedro Cruz
|
0-0: Called Strike 0-1: Ball 1-1: Swinging Strike 1-2: Ball 2-2: Strikes out swinging
|
Batting: RHB Francisco Castillo
|
0-0: Fly out, F7 (Line Drive, 7M)
|
Top of the 4th over - 3 run(s), 3 hit(s), 0 error(s), 0 left on base; San Diego 4 - Red Deer 0 |
BOTTOM OF THE 4TH |
Red Deer Wranglers batting - Pitching for San Diego Smashers : RHP David West
|
Batting: LHB Enrico Vargas
|
0-0: Ball 1-0: SINGLE (Groundball, 2R) (infield hit)
|
Batting: RHB Carlos Peña
|
0-0: Ball 1-0: Grounds into double play, 6-4-3 (Groundball, 56)
|
Batting: RHB Oliver Harris
|
0-0: Fly out, F6 (Popup, 6MS)
|
Bottom of the 4th over - 0 run(s), 1 hit(s), 0 error(s), 0 left on base; San Diego 4 - Red Deer 0 |
TOP OF THE 5TH |
San Diego Smashers batting - Pitching for Red Deer Wranglers : RHP Alonso Costello
|
Batting: SHB Yoshitoki Kouda
|
0-0: Swinging Strike 0-1: Ball 1-1: Foul Ball, location: 2F 1-2: Ball 2-2: Ball 3-2: Ground out 6-3 (Groundball, 6M)
|
Batting: LHB Bob Cunningham
|
0-0: Foul Ball, location: 2F 0-1: Ball 1-1: Swinging Strike 1-2: Strikes out swinging
|
Batting: RHB Cisco Gatán
|
0-0: Ball 1-0: Foul Ball, location: 2F 1-1: Ball 2-1: Foul Ball, location: 2F 2-2: Strikes out swinging
|
Top of the 5th over - 0 run(s), 0 hit(s), 0 error(s), 0 left on base; San Diego 4 - Red Deer 0 |
BOTTOM OF THE 5TH |
Red Deer Wranglers batting - Pitching for San Diego Smashers : RHP David West
|
Batting: RHB Orlando Núñes
|
0-0: Foul Ball, location: 2F 0-1: Called Strike 0-2: Ball 1-2: Ball 2-2: Ball 3-2: Base on Balls
|
Batting: SHB José López
|
0-0: Ground out 3-1 (Groundball, 34S) Orlando Núñes to second
|
Batting: LHB Del Kennedy
|
0-0: Called Strike 0-1: Called Strike 0-2: Ball 1-2: Ball 2-2: Foul Ball, location: 2F 2-2: Ball 3-2: Strikes out swinging
|
Batting: LHB Jorge Olvera
|
0-0: Called Strike 0-1: Ball 1-1: Ball 2-1: Foul Ball, location: 2F 2-2: Ball 3-2: Strikes out swinging
|
Bottom of the 5th over - 0 run(s), 0 hit(s), 0 error(s), 1 left on base; San Diego 4 - Red Deer 0 |
TOP OF THE 6TH |
San Diego Smashers batting - Pitching for Red Deer Wranglers : RHP Alonso Costello
|
Pitching: RHP Pedro Leal
|
|
Batting: SHB José González
|
0-0: Foul Ball, location: 2F 0-1: Ball 1-1: Swinging Strike 1-2: Foul Ball, location: 2F 1-2: Ball 2-2: Ball 3-2: Foul Ball, location: 2F 3-2: Strikes out looking
|
Batting: LHB Noriaki Sangi
|
0-0: Ball 1-0: Foul Ball, location: 2F 1-1: Swinging Strike 1-2: Ball 2-2: Foul Ball, location: 2F 2-2: Foul Ball, location: 2F 2-2: Strikes out swinging
|
Batting: RHB Justin Burgess
|
0-0: Called Strike 0-1: Ball 1-1: Ball 2-1: Ball 3-1: Foul Ball, location: 2F 3-2: Strikes out swinging
|
Top of the 6th over - 0 run(s), 0 hit(s), 0 error(s), 0 left on base; San Diego 4 - Red Deer 0 |
BOTTOM OF THE 6TH |
Red Deer Wranglers batting - Pitching for San Diego Smashers : RHP David West
|
Batting: LHB Ron Mayes
|
0-0: Ball 1-0: Called Strike 1-1: SINGLE (Groundball, 6MD)
|
Batting: RHB John McDonald
|
0-0: Ball 1-0: Foul Ball, location: 2F 1-1: Ball 2-1: Foul Ball, location: 2F 2-2: Ground out 5-3 (Groundball, 56S) Ron Mayes to second
|
Batting: LHB Enrico Vargas
|
0-0: Called Strike 0-1: Swinging Strike 0-2: Ball 1-2: Strikes out looking
|
Batting: RHB Carlos Peña
|
0-0: Fly out, F8 (Flyball, 89M)
|
Bottom of the 6th over - 0 run(s), 1 hit(s), 0 error(s), 1 left on base; San Diego 4 - Red Deer 0 |
TOP OF THE 7TH |
San Diego Smashers batting - Pitching for Red Deer Wranglers : RHP Pedro Leal
|
Batting: LHB Mario Olivares
|
0-0: Ball 1-0: Ground out 5-3 (Groundball, 56S)
|
Batting: LHB Pedro Cruz
|
0-0: Called Strike 0-1: SINGLE (Groundball, 4MD)
|
Batting: RHB Francisco Castillo
|
0-0: Foul Ball, location: 2F 0-1: Foul Ball, location: 2F 0-2: Strikes out swinging
|
Pitching: RHP Alejandro Arriaza
|
|
Batting: SHB Yoshitoki Kouda
|
0-0: Ball 1-0: Called Strike 1-1: SINGLE (Groundball, 4MD) Pedro Cruz to second
|
Batting: LHB Bob Cunningham
|
0-0: Ball 1-0: Foul Ball, location: 2F 1-1: Foul Ball, location: 2F 1-2: 3-RUN HOME RUN (Flyball, 9LD), Distance : 318 ft
|
Batting: RHB Cisco Gatán
|
0-0: Ground out 6-3 (Groundball, 6M)
|
Top of the 7th over - 3 run(s), 3 hit(s), 0 error(s), 0 left on base; San Diego 7 - Red Deer 0 |
BOTTOM OF THE 7TH |
Red Deer Wranglers batting - Pitching for San Diego Smashers : RHP David West
|
Batting: RHB Oliver Harris
|
0-0: Ball 1-0: Ground out 6-3 (Groundball, 6M)
|
Batting: RHB Orlando Núñes
|
0-0: Ball 1-0: Foul Ball, location: 2F 1-1: Fly out, F6 (Popup, 6MS)
|
Batting: SHB José López
|
0-0: Ground out U3 (Groundball, 3L)
|
Bottom of the 7th over - 0 run(s), 0 hit(s), 0 error(s), 0 left on base; San Diego 7 - Red Deer 0 |
TOP OF THE 8TH |
San Diego Smashers batting - Pitching for Red Deer Wranglers : RHP Alejandro Arriaza
|
Batting: SHB José González
|
0-0: Fly out, F5 (Popup, 6)
|
Batting: LHB Noriaki Sangi
|
0-0: Called Strike 0-1: Ball 1-1: TRIPLE (Line Drive, 8RD)
|
Batting: RHB Justin Burgess
|
0-0: Ball 1-0: Ball 2-0: Called Strike 2-1: Ball 3-1: Base on Balls
|
Batting: LHB Mario Olivares
|
0-0: Ball 1-0: SINGLE (Groundball, 4M) (infield hit) Noriaki Sangi scores Justin Burgess to second
|
Batting: LHB Pedro Cruz
|
0-0: Swinging Strike 0-1: Ball 1-1: Ball 2-1: Swinging Strike 2-2: Strikes out swinging
|
Batting: RHB Francisco Castillo
|
0-0: Ball 1-0: Ball 2-0: Ball 3-0: Called Strike 3-1: Foul Ball, location: 2F 3-2: Base on Balls Justin Burgess to third Mario Olivares to second
|
Batting: SHB Yoshitoki Kouda
|
0-0: Ball 1-0: Ball 2-0: Ball 3-0: Base on Balls Justin Burgess scores Mario Olivares to third Francisco Castillo to second
|
Pitching: RHP Douglas Louch
|
|
Pinch Hitting: RHB Miguel Moreno
|
0-0: Called Strike 0-1: Ball 1-1: Ball 2-1: Foul Ball, location: 2F 2-2: Ball 3-2: Base on Balls Mario Olivares scores Francisco Castillo to third Yoshitoki Kouda to second
|
Batting: RHB Cisco Gatán
|
0-0: Ball 1-0: Called Strike 1-1: Ball 2-1: Foul Ball, location: 2F 2-2: Ball 3-2: Strikes out looking
|
Top of the 8th over - 3 run(s), 2 hit(s), 0 error(s), 3 left on base; San Diego 10 - Red Deer 0 |
BOTTOM OF THE 8TH |
Red Deer Wranglers batting - Pitching for San Diego Smashers : RHP David West
|
Now in CF: Luis Peña
|
|
Batting: LHB Del Kennedy
|
0-0: Called Strike 0-1: Ball 1-1: Foul Ball, location: 2F 1-2: Ball 2-2: Ball 3-2: Fly out, F7 (Flyball, 7M)
|
Batting: LHB Jorge Olvera
|
0-0: Fly out, F8 (Popup, 8RS)
|
Batting: LHB Ron Mayes
|
0-0: Swinging Strike 0-1: Called Strike 0-2: Foul Ball, location: 2F 0-2: Foul Ball, location: 2F 0-2: Fly out, F4 (Popup, 4M)
|
Bottom of the 8th over - 0 run(s), 0 hit(s), 0 error(s), 0 left on base; San Diego 10 - Red Deer 0 |
TOP OF THE 9TH |
San Diego Smashers batting - Pitching for Red Deer Wranglers : RHP Douglas Louch
|
Pitching: RHP Tatsuzo Harada
|
|
Pinch Hitting: RHB Josh Richardson
|
0-0: Called Strike 0-1: Ball 1-1: Ball 2-1: Ball 3-1: Ground out 4-3 (Groundball, 4)
|
Batting: LHB Noriaki Sangi
|
0-0: Ball 1-0: Fly out, F5 (Line Drive, 56S)
|
Batting: RHB Justin Burgess
|
0-0: Ball 1-0: Ball 2-0: Ball 3-0: Called Strike 3-1: Ground out 4-3 (Groundball, 4)
|
Top of the 9th over - 0 run(s), 0 hit(s), 0 error(s), 0 left on base; San Diego 10 - Red Deer 0 |
BOTTOM OF THE 9TH |
Red Deer Wranglers batting - Pitching for San Diego Smashers : RHP David West
|
Now at 3B: Josh Richardson
|
|
Batting: RHB John McDonald
|
0-0: Called Strike 0-1: Swinging Strike 0-2: Foul Ball, location: 2F 0-2: Ball 1-2: Strikes out swinging
|
Pitching: RHP Alberto Ortega
|
|
Batting: LHB Enrico Vargas
|
0-0: Ball 1-0: Called Strike 1-1: Ground out 4-3 (Groundball, 4)
|
Batting: RHB Carlos Peña
|
0-0: Ball 1-0: Ground out 4-3 (Groundball, 4)
|
Bottom of the 9th over - 0 run(s), 0 hit(s), 0 error(s), 0 left on base; San Diego 10 - Red Deer 0 |
|